 Dungeon Crawl Stone Soup version 0.31-a0-112-gdf0485fa37 (webtiles) character file.

Game seed: 10299446541572715722

833 Kenran the Skirmisher (level 7, -1/60 HPs)
             Began as a Minotaur Hunter on May 28, 2023.
             Was an Initiate of Hepliaklqana.
             Slain by Edmund
             ... wielding a +1 dire flail of protection
              (4 damage)
             ... on level 5 of the Dungeon.
             The game lasted 00:07:19 (4436 turns).

Kenran the Skirmisher (Minotaur Hunter)             Turns: 4436, Time: 00:07:20

Health: -1/60      AC:  5    Str: 15    XL:     7   Next: 66%
Magic:  6/6        EV: 12    Int:  6    God:    Hepliaklqana [......]
Gold:   230        SH:  0    Dex: 16    Spells: 6/6 levels left

rFire   + . .        a - +0 orcbow
rCold   . . .        (shield currently unavailable)
rNeg    . . .        c - +0 leather armour
rPois   .            (helmet restricted)
rElec   .            t - +0 cloak
rCorr   .            (no gloves)
SInv    .            l - +0 pair of boots
Will    .....        v - amulet of the acrobat
Stlth   +            d - ring of protection from fire
HPRegen 0.30/turn    (no ring)
MPRegen 0.10/turn

%: acrobat
@: studying Staves
A: horns 2, retaliatory headbutt
a: Renounce Religion


You were on level 5 of the Dungeon.
You worshipped Hepliaklqana.
Hepliaklqana was noncommittal.
You visited 2 branches of the dungeon, and saw 7 of its levels.

You collected 230 gold pieces.

Inventory:

Hand Weapons
 a - a +0 orcbow (weapon)
 b - a +0 long sword
Missiles
 p - a throwing net
Armour
 c - a +0 leather armour (worn)
 l - a +0 pair of boots (worn)
 t - a +0 cloak (worn)
Jewellery
 d - a ring of protection from fire (left hand)
 v - an amulet of the acrobat (around neck)
Wands
 n - a wand of roots (14)
 y - a wand of acid (7)
Scrolls
 e - a scroll of immolation {!r}
 f - a scroll of blinking
 g - 4 scrolls of magic mapping
 i - 2 scrolls of fog
 r - a scroll of teleportation
 w - 2 scrolls of vulnerability {!r}
Potions
 h - 2 potions of enlightenment
 j - a potion of brilliance {unknown}
 k - a potion of magic
 m - a potion of attraction {unknown}
 o - 2 potions of heal wounds {unknown}
 q - a potion of might {unknown}
 s - a potion of curing {@q1}
 u - a potion of cancellation {unknown}
 x - a potion of mutation {unknown}


   Skills:
 + Level 4.3 Fighting
 - Level 10.0 Ranged Weapons
 - Level 2.1 Dodging
 - Level 0.7 Stealth


You had 6 spell levels left.
You didn't know any spells.
Your spell library contained the following spells:

 Spells                   Type           Power      Damage    Failure   Level
 Frozen Ramparts          Ice            0%         1d1       88%         3
 Ice Form                 Ice/Tmut       0%         N/A       99%         4
 Summon Ice Beast         Ice/Summ       0%         N/A       99%         4


Dungeon Overview and Level Annotations

Branches:
Dungeon (6/15)             Temple (1/1) D:5

Altars:
Cheibriados
Dithmenos
Elyvilon
Fedhas
Gozag
Hepliaklqana
Kikubaaqudgha
Nemelex Xobeh
Okawaru
Qazlal
Ru
Sif Muna
Uskayaw
Vehumet
Wu Jian
Xom
Yredelemnul
Zin
The Shining One

Annotations:
D:4 2 runed translucent doors, Vbesf's ghost, amateur OpVM
D:5 1 runed translucent door, Crazy Yiuf; Edmund
D:6 Pikel


Innate Abilities, Weirdness & Mutations

You have a pair of horns on your head.
You reflexively headbutt those who attack you in melee.


Message History

Aim: Edmund, wielding a +1 dire flail of protection and wearing a +0 chain mail (translocational energy, almost dead, 69% to hit)
You shoot an arrow.
The arrow hits Edmund but does no damage.
Edmund is almost dead.
Edmund clears his throat.
Fire: a) +0 orcbow
Press: ? - help, Q - select action, (/) - cycle Shift-Dir - straight line, f/p - Edmund
Aim: Edmund, wielding a +1 dire flail of protection and wearing a +0 chain mail (almost dead, 69% to hit)
You shoot an arrow.
The arrow hits Edmund but does no damage.
Edmund is almost dead.
Fire: a) +0 orcbow
Press: ? - help, Q - select action, (/) - cycle Shift-Dir - straight line, f/p - Edmund
Aim: Edmund, wielding a +1 dire flail of protection and wearing a +0 chain mail (almost dead, 69% to hit)
You shoot an arrow. The arrow barely misses Edmund.
Fire: a) +0 orcbow
Press: ? - help, Q - select action, (/) - cycle Shift-Dir - straight line, f/p - Edmund
Aim: Edmund, wielding a +1 dire flail of protection and wearing a +0 chain mail (almost dead, 69% to hit)
You shoot an arrow.
The arrow hits Edmund but does no damage.
Edmund is almost dead.
Fire: a) +0 orcbow
Press: ? - help, Q - select action, (/) - cycle Shift-Dir - straight line, f/p - Edmund
Aim: Edmund, wielding a +1 dire flail of protection and wearing a +0 chain mail (almost dead, 69% to hit)
You shoot an arrow.
The arrow hits Edmund but does no damage.
Edmund is almost dead.
Fire: a) +0 orcbow
Press: ? - help, Q - select action, (/) - cycle Shift-Dir - straight line, f/p - Edmund
Aim: Edmund, wielding a +1 dire flail of protection and wearing a +0 chain mail (almost dead, 69% to hit)
You shoot an arrow. The arrow hits Edmund.
Edmund is almost dead.
Fire: a) +0 orcbow
Press: ? - help, Q - select action, (/) - cycle Shift-Dir - straight line, f/p - Edmund
Aim: Edmund, wielding a +1 dire flail of protection and wearing a +0 chain mail (almost dead, 69% to hit)
You shoot an arrow.
The arrow hits Edmund but does no damage.
Edmund is almost dead.
Edmund hits you with a +1 dire flail of protection.
You die...

#...# #......
######.#### #..).).
#.........# #......
#.####.##.# #...[..
#.#..#..#.# #####).
#.#.....#.# #..
#.#.....#.# #..
#.####....# #..
#)#...@@..# #..
#.#.##....###########..
#.#.##..............'..
#.#.#################..
#.#.# #.. #.#.######
#.. #.#......# #..
#.######.# #.. #.# #.#
###


You could see Edmund.

Vanquished Creatures
  Prince Ribbit (D:5)
  A lemure (D:5)
  A phantom (D:5)
  A scorpion (D:5)
  An orc priest (D:5)
  A gnoll bouda (D:4)
  A sleepcap (D:5)
  3 iguanas
  An orc wizard (D:5)
  Robin (D:2)
  6 gnolls (D:5)
  12 adders
  3 white imps (D:5)
  3 worms (D:2)
  4 dart slugs
  8 orcs
  9 ball pythons
  8 bats
  9 endoplasms
  7 giant cockroaches
  13 goblins
  9 hobgoblins
  4 jackals (D:2)
  4 kobolds
  5 quokkas
  A frilled lizard (D:1)
  3 rats
120 creatures vanquished.

Notes
Turn   | Place    | Note
-------+----------+-------------------------------------------
     0 | D:1      | Kenran the Minotaur Hunter began the quest for the Orb.
     0 | D:1      | Reached XP level 1. HP: 18/18 MP: 0/0
    56 | D:1      | Reached XP level 2. HP: 25/25 MP: 1/1
    83 | D:1      | Reached skill level 5 in Ranged Weapons
   381 | D:1      | Reached XP level 3. HP: 30/30 MP: 2/2
   607 | D:2      | Reached skill level 6 in Ranged Weapons
   824 | D:2      | Reached XP level 4. HP: 37/37 MP: 3/3
   834 | D:2      | Found a hide-covered altar of Uskayaw.
   981 | D:2      | Noticed Robin
   996 | D:2      | Killed Robin
  1376 | D:2      | Reached skill level 7 in Ranged Weapons
  1406 | D:2      | Reached XP level 5. HP: 42/42 MP: 4/4
  1946 | D:3      | Found a sacrificial altar of Ru.
  2023 | D:3      | Found a shadowy altar of Dithmenos.
  2046 | D:3      | Found a glowing golden altar of the Shining One.
  2220 | D:4      | Found a white marble altar of Elyvilon.
  2417 | D:4      | Found a large runed translucent door.
  2423 | D:4      | Found a large runed translucent door.
  2426 | D:4      | Noticed Vbesf's ghost (amateur OpVM)
  2543 | D:4      | Found an iron altar of Okawaru.
  2574 | D:4      | Found an opulent altar of Gozag.
  2594 | D:4      | Found an opulent altar of Gozag.
  2594 | D:4      | Found an opulent altar of Gozag.
  2697 | D:4      | Found an opulent altar of Gozag.
  3030 | D:5      | Entered Level 5 of the Dungeon
  3066 | D:5      | Found a shimmering blue altar of Sif Muna.
  3087 | D:5      | Reached skill level 8 in Ranged Weapons
  3098 | D:5      | Reached XP level 6. HP: 46/50 MP: 5/5
  3122 | D:5      | Noticed Prince Ribbit
  3141 | D:5      | Killed Prince Ribbit
  3142 | D:5      | Reached skill level 9 in Ranged Weapons
  3276 | D:5      | Reached XP level 7. HP: 56/56 MP: 6/6
  3506 | D:5      | Found a staircase to the Ecumenical Temple.
  3583 | Temple   | Entered the Ecumenical Temple
  3652 | Temple   | Became a worshipper of Hepliaklqana the Forgotten
  3704 | D:5      | Found a runed translucent door.
  3705 | D:5      | Noticed Crazy Yiuf
  3749 | D:5      | Reached skill level 10 in Ranged Weapons
  3892 | D:5      | Found a shimmering altar of Xom.
  4280 | D:6      | Noticed Pikel
  4375 | D:6      | Noticed Edmund
  4428 | D:5      | HP: 1/60 [Edmund/+1 dire flail of protection (8)]
  4436 | D:5      | Slain by Edmund

Illustrated notes

Levels and vault maps discovered:
D:1:      denvon_arrival_planthouse, layout_rooms,
          chequers_serial_rivers_micro_b, kennysheep_pointless_box
D:2:      layout_loops_ring, minmay_misc_feat_cross, minmay_hexomino_r4,
          uniq_robin
D:3:      layout_rooms, grunt_dithmenos_smoke_and_mirrors, marbit_many_paths,
          mainiacjoe_overflow_paths
D:4:      layout_loops_ring, nicolae_gozag_conspicuous_consumption,
          okawaru_metal_pillars_1_2, mainiacjoe_overflow_tiny_flanked,
          ebering_ghost_disaster_area, grunt_ministairs_2
D:5:      layout_basic, mainiacjoe_overflow_six_doors_small,
          mainiacjoe_overflow_small_starburst, minmay_temple_entry_glassed_door,
          hangedman_abyss_or_decor_stagger, uniq_prince_ribbit1,
          uniq_crazy_yiuf_cottage
D:6:      layout_basic, tgw_trog, uniq_edmund, uniq_duvessa, uniq_pikel,
          uniq_sigmund
Temple:   jpeg_temple_clearing

Skill      XL: |  1  2  3  4  5  6  7 |
---------------+----------------------+-----
Ranged Weapons | 5 6 7 8 9 10 | 10.0
Fighting       | 4 |  4.3
Dodging        | |  2.1
Stealth        | |  0.7

Action                     |  1- 3 |  4- 6 |  7- 9 || total
---------------------------+-------+-------+-------++-------
   Fire: Shortbow          |   122 |    92 |       ||   214
         Orcbow            |       |   108 |   127 ||   235
    Use: Scroll            |       |     7 |     3 ||    10
         Potion            |       |       |     1 ||     1
 Armour: Leather armour    |    16 |    23 |     6 ||    45
  Dodge: Dodged            |    26 |    72 |    23 ||   121

Table legend: (Time is in decaauts)
 A = Elapsed time spent in this place.
 B = Non-inter-level travel time spent in this place.
 C = Inter-level travel time spent in this place.
 D = Time resting spent in this place.
 E = Time spent auto-exploring this place.
 F = Levels seen in this place.
 G = Mean time per level.
                   A        B        C        D        E       F      G
               +--------+--------+--------+--------+--------+-----+--------+
         Total |   4489 |   4307 |    182 |    717 |   2652 |   7 |  641.3 |
       Dungeon |   4403 |   4236 |    167 |    717 |   2601 |   6 |  733.8 |
        Temple |     85 |     70 |     15 |      0 |     51 |   1 |   85.0 |
               +--------+--------+--------+--------+--------+-----+--------+

Top non-repeatable levels by time:
     D:5: 1239 daAuts
     D:2: 1142 daAuts
     D:4: 912 daAuts
     D:1: 559 daAuts
     D:3: 533 daAuts
  Temple: 85 daAuts
     D:6: 16 daAuts
